 Dungeon Crawl Stone Soup version 0.20-b1-14-g8425815 (webtiles) character file.

68 tof the Poker (level 4, 0/36 HPs)
             Began as a Demonspawn Monk on May 23, 2017.
             Succumbed to an adder's poison
             ... on level 2 of the Dungeon.
             The game lasted 00:03:52 (1853 turns).

tof the Poker (Demonspawn Monk)                     Turns: 1853, Time: 00:03:53

Health: 0/36       AC: 11    Str: 11    XL:     4   Next: 1%
Magic:  4/4        EV: 11    Int: 17    God:
Gold:   102        SH:  0    Dex: 21    Spells: 3/3 levels left

rFire    . . .     SeeInvis .   a - +0 spear
rCold    . . .     Gourm    .   (no shield)
rNeg     . . .     Faith    .   l - +0 chain mail
rPois    .         Spirit   .   (helmet restricted)
rElec    .         Reflect  .   (no cloak)
rCorr    .         Harm     .   (no gloves)
MR       .....                  (no boots)
Stlth    ..........             (no amulet)
Regen    0.2/turn               (no ring)
MPRegen  0.1/turn               (no ring)

@: brilliant, agile, lethally poisoned (0 -> -2), hasted, very quick
A: horns 1, icy blue scales 2
a: no special abilities


You were on level 2 of the Dungeon.
You were not hungry.

You visited 1 branch of the dungeon, and saw 3 of its levels.

You collected 102 gold pieces.

Inventory:

Hand Weapons
 a - a +0 spear (weapon)
Missiles
 m - a throwing net (quivered)
Armour
 b - a +0 robe
 l - a +0 chain mail (worn)
Scrolls
 e - 2 scrolls of teleportation {unknown}
 g - 2 scrolls of identify {unknown}
 n - a scroll of enchant armour {unknown}
 p - a scroll of remove curse {unknown}
Comestibles
 c - 3 bread rations
 f - 6 fruits
 i - 2 meat rations
 j - a royal jelly


   Skills:
 * Level 3.6 Fighting
 * Level 3.7 Polearms
 * Level 1.0 Armour
 - Level 2.6 Dodging
 - Level 1.7 Stealth


You had 3 spell levels left.
You didn't know any spells.

Dungeon Overview and Level Annotations

Branches:
Dungeon (3/15)

Altars:
Kikubaaqudgha

Annotations:
D:3 tof's ghost, amateur BaMo


Innate Abilities, Weirdness & Mutations

You have a pair of small horns on your head.
You are mostly covered in icy blue scales. (AC +3)


Message History

You are too injured to fight recklessly!
You are too injured to fight recklessly!
You are too injured to fight recklessly!
You are too injured to fight recklessly!
The adder closely misses you.
* * * LOW HITPOINT WARNING * * *
You feel sick. The adder misses you. The adder bites you but does no damage.
The adder bites you but does no damage.
* * * LOW HITPOINT WARNING * * *
You feel sick. The adder bites you but does no damage.
The adder bites you but does no damage. The adder barely misses you.
The adder bites you but does no damage.
* * * LOW HITPOINT WARNING * * *
You feel sick. The adder closely misses you. The adder barely misses you.
The adder closely misses you. The adder barely misses you.
You die...

#.....#.......########...<...#
#####.#.......# #.......#
#.#<......# ######....)..#
#.##.)....# #....#.......#
#.......(.# #....#.......#
#######.......# #....#.......#
#.............# #....#.......#
#...........S†###....#########
#............@................
#.......#########....#####.###
#†......# ######...........#
#.......# #.........)....#.#
#.......# #..............#.##
#.......# #......##......#..#
#.......# #########......##.#
#.......# #......##..
######### #......###.


You could see an adder.

Vanquished Creatures
  An adder (D:2)
  An ooze (D:2)
  2 worms (D:2)
  A dart slug (D:1)
  A leopard gecko (D:2)
  A ball python (D:3)
  2 giant cockroaches
  3 goblins
  7 hobgoblins
  7 jackals
  A kobold (D:1)
  A quokka (D:2)
  6 bats
  4 frilled lizards
  4 rats
42 creatures vanquished.

Notes
Turn   | Place    | Note
-------+----------+-------------------------------------------
     0 | D:1      | tof the Demonspawn Monk began the quest for the Orb.
     0 | D:1      | Reached XP level 1. HP: 18/18 MP: 1/1
   143 | D:1      | Gained mutation: You are partially covered in icy blue scales. (AC +2) [demonic ancestry]
   143 | D:1      | Reached XP level 2. HP: 15/24 MP: 2/2
   771 | D:2      | Gained mutation: You are mostly covered in icy blue scales. (AC +3) [demonic ancestry]
   771 | D:2      | Reached XP level 3. HP: 20/29 MP: 3/3
  1016 | D:2      | Reached skill level 1 in Armour
  1081 | D:2      | Found an ancient bone altar of Kikubaaqudgha.
  1568 | D:3      | Noticed tof's ghost (amateur BaMo)
  1594 | D:3      | HP: 1/29 [tof's ghost (4)]
  1829 | D:2      | Gained mutation: You have a pair of small horns on your head. [demonic ancestry]
  1829 | D:2      | Reached XP level 4. HP: 7/36 MP: 4/4
  1848 | D:2      | HP: 1/36 [poisoned by an adder]
  1853 | D:2      | Succumbed to an adder's poison

Skill      XL: |  1  2  3 |
---------------+----------+-----
Polearms       | 3 |  3.7
Armour         | 1 |  1.0
Fighting       | |  3.6
Dodging        | |  2.6
Stealth        | |  1.7

Action                   |  1- 3 |  4- 6 || total
-------------------------+-------+-------++-------
Melee: Spear             |   227 |     6 ||   233
  Use: Potion            |       |     3 ||     3
 Stab: Sleeping          |     2 |       ||     2
  Eat: Chunk             |     3 |       ||     3
Armor: Robe              |    19 |       ||    19
       Chain mail        |   127 |     9 ||   136
Dodge: Dodged            |    76 |    13 ||    89
